 Dungeon Crawl Stone Soup version 0.24.1 (webtiles) character file.

Game seed: 735728435569306080, levelgen mode: deterministic

8029 MajorAdolf the Spear-Bearer (level 11, -7/89 HPs)
             Began as a Naga Wanderer on Mar 27, 2020.
             Was an Elder of Hepliaklqana.
             Mangled by a seven-headed hydra (9 damage)
             ... on level 2 of the Lair of Beasts.
             The game lasted 00:21:23 (12054 turns).

MajorAdolf the Spear-Bearer (Naga Wanderer)        Turns: 12054, Time: 00:21:23

Health: -7/89      AC: 20    Str: 17    XL:     11   Next: 24%
Magic:  20/20      EV:  8    Int: 12    God:    Hepliaklqana [****..]
Gold:   449        SH: 10    Dex: 12    Spells: 10/10 levels left

rFire    + . .     SeeInvis +   a - +3 spear
rCold    . . .     Gourm    .   k - +0 shield
rNeg     . . .     Faith    .   w - +1 ring mail of Complete Protection {MR++}
rPois    +         Spirit   .   x - +1 helmet
rElec    .         Reflect  .   (no cloak)
rCorr    .         Harm     .   I - +1 pair of gloves
MR       +++..                  b - +2 naga barding
Stlth    +.........             (no amulet)
HPRegen  0.24/turn              u - ring of protection from fire
MPRegen  0.17/turn              o - ring of magical power

@: about to teleport, very slow
A: large, reduced essence, see invisible, deformed body, poison resistance,
slowness 2, slow metabolism 1, spit poison 1, AC +3
a: Spit Poison, Recall Ancestor, Ancestor Identity, Transference, Idealise,
Renounce Religion


You were on level 2 of the Lair of Beasts.
You worshipped Hepliaklqana.
Hepliaklqana was greatly pleased with you.
You were not hungry.

You visited 3 branches of the dungeon, and saw 13 of its levels.

You collected 773 gold pieces.
You spent 324 gold pieces at shops.

Inventory:

Hand Weapons
 a - a +3 spear (weapon)
Armour
 b - a +2 naga barding (worn)
 k - a +0 shield (worn)
 w - the +1 ring mail of Complete Protection (worn) {MR++}
   (You found it on level 5 of the Dungeon)

   It affects your resistance to hostile enchantments.
 x - a +1 helmet (worn)
 I - a +1 pair of gloves (worn)
Jewellery
 f - a cursed ring of attention {unknown}
 i - an uncursed ring of magical power
 o - a ring of magical power (right hand)
 u - a ring of protection from fire (left hand)
 y - an uncursed ring of flight {unknown}
 K - an uncursed ring of protection from fire
 L - an uncursed ring of resist corrosion {unknown}
 N - an uncursed amulet of the acrobat {unknown}
Wands
 c - a wand of random effects (20)
 z - a wand of flame (20)
 C - a wand of iceblast (12)
 E - a wand of digging (3)
Scrolls
 e - 14 scrolls of identify
 j - 6 scrolls of teleportation
 p - 6 scrolls of remove curse
 r - 4 scrolls of enchant weapon
 v - 2 scrolls of noise
 A - 4 scrolls of fog
 H - a scroll of acquirement {unknown}
 M - 2 scrolls of magic mapping {unknown}
Potions
 g - 2 potions of resistance
 h - a potion of mutation {unknown}
 l - 5 potions of curing {unknown}
 m - 3 potions of ambrosia {unknown}
 n - a potion of brilliance {unknown}
 q - a potion of agility {unknown}
 s - a potion of invisibility {unknown}
 t - 3 potions of haste {unknown}
 B - a potion of cancellation {unknown}
 D - a potion of berserk rage {unknown}
 F - a potion of degeneration {unknown}
 G - 2 potions of might {unknown}
 J - a potion of flight {unknown}
Comestibles
 d - 19 rations
 O - 2 chunks of flesh


   Skills:
 + Level 6.8 Fighting
 + Level 9.1 Polearms
 + Level 6.5 Armour
 + Level 6.3 Dodging
 - Level 1.5 Stealth
 + Level 6.6 Shields
 - Level 1.0 Evocations


You had 10 spell levels left.
You didn't know any spells.
Your spell library contained the following spells:

 Spells                   Type           Power        Failure   Level  Hunger
 Animate Skeleton         Necr           N/A          67%         1    ##.....
 Pain                     Necr           #...         67%         1    ##.....
 Poisonous Vapours        Pois/Air       #.....       80%         2    ###....
 Conjure Flame            Conj/Fire      #.......     95%         3    ####...
 Mephitic Cloud           Conj/Pois/Air  #.......     95%         3    ####...
 Regeneration             Chrm/Necr      #.........   95%         3    ####...
 Vampiric Draining        Necr           #.........   95%         3    ####...
 Animate Dead             Necr           N/A          100%        4    #####..
 Freezing Cloud           Conj/Ice/Air   #.........   100%        6    #######
 Ring of Flames           Chrm/Fire      #.........   100%        7    #######


Dungeon Overview and Level Annotations

Branches:
Dungeon (10/15)            Temple (1/1) D:4            Lair (2/6) D:8
 Shoals (0/4) Lair:2
  Snake: Lair:2-4    Spider: Lair:2-4       Orc: D:9-12

Altars:
Ashenzari
Cheibriados
Dithmenos
Elyvilon
Fedhas
Hepliaklqana
Kikubaaqudgha
Makhleb
Nemelex Xobeh
Okawaru
Qazlal
Ru
Sif Muna
Trog
Uskayaw
Wu Jian
Xom
Yredelemnul
Zin
The Shining One

Shops:
D:5 *   D:6 =   D:9 (

Annotations:
D:5 1 runed translucent door


Innate Abilities, Weirdness & Mutations

You cannot wear boots.
Your serpentine skin is tough. (AC +3)
You have supernaturally acute eyesight. (SInv)
Armour fits poorly on your strangely shaped body.
Your system is resistant to poisons. (rPois)
You cover ground very slowly.
You have a slow metabolism.
You can spit poison.
Your life essence is reduced to manifest your ancestor. (-10% HP)


Message History

The water moccasin bites you but does no damage.
The seven-headed hydra bites you!
* * * LOW HITPOINT WARNING * * *
The seven-headed hydra bites you but does no damage.
The seven-headed hydra closely misses you. x2
The seven-headed hydra bites you but does no damage.
The seven-headed hydra bites you.
* * * LOW HITPOINT WARNING * * *
The seven-headed hydra bites you.
* * * LOW HITPOINT WARNING * * *
The black mamba bites you but does no damage.
As you read the scroll of teleportation, it crumbles to dust.
You feel strangely unstable. The black mamba bites you!
* * * LOW HITPOINT WARNING * * *
The water moccasin bites you but does no damage.
The seven-headed hydra bites you but does no damage.
You block the seven-headed hydra's attack.
The seven-headed hydra bites you but does no damage.
The seven-headed hydra bites you!
You die...

.# ##...##......# ....
###..#.#......#. ....
#P...#.#........ .....
##...........P#^ ......
######........# . #....
###........ !.
#...#######P......#.#
... #...................
....#...@..............^
#.....SSD...........<..
.#....................##
............ยง........##
#...#..#.####..#......#
#.. #..### #####.....# .
.... ..... #.... ..
......


You could see a seven-headed hydra, a black mamba and a water moccasin.

Vanquished Creatures
  Urug (Lair:1)
  Maurice (D:8)
  Prince Ribbit (D:7)
  Sigmund (D:6)
  A yak (D:10)
  A water moccasin (Lair:2)
  2 porcupines
  An orc warrior (D:6)
  A sky beast (D:10)
  5 ogres
  4 phantoms
  A centaur (D:8)
  2 crocodiles
  7 bullfrogs
  A wyvern zombie (D:6)
  A gnoll sergeant (D:8)
  4 scorpions
  A water moccasin skeleton (D:7)
  7 killer bees
  6 wights
  5 howler monkeys
  A bullfrog zombie (D:10)
  3 crimson imps
  2 jellies
  2 hounds (D:7)
  A quasit (D:10)
  3 orc wizards
  2 bullfrog skeletons
  Terence (D:2)
  2 iguanas (D:6)
  6 worker ants
  3 hound zombies
  3 hound skeletons
  A worker ant zombie (D:10)
  3 gnolls (D:8)
  8 adders
  2 shadow imps
  An ooze (D:5)
  A worm (D:2)
  2 dart slugs (D:2)
  8 leopard geckos
  5 orcs
  2 ball pythons
  8 bats
  9 giant cockroaches
  6 goblins
  11 hobgoblins
  13 jackals
  10 kobolds
  7 quokkas
  4 frilled lizards
  A jackal skeleton (D:4)
  A leopard gecko zombie (D:8)
  2 quokka zombies
  8 rats
  A fungus (D:8)
197 creatures vanquished.

Vanquished Creatures (collateral kills)
  A troll (D:10)
  A spriggan (shapeshifter) (D:10)
  2 yaks (D:10)
  A porcupine (D:8)
  An orc warrior (D:9)
  2 black bears
  A sky beast (D:8)
  An ice beast (D:5)
  2 ogres
  A centaur (D:10)
  3 crocodiles
  A big kobold (D:8)
  A wyvern zombie (D:7)
  A bullfrog (D:6)
  2 scorpions
  4 killer bees
  2 wights (D:10)
  A howler monkey (D:7)
  A crimson imp (D:5)
  2 hounds
  2 orc priests
  An iguana (D:7)
  2 orc wizards (D:7)
  2 worker ants
  A hound skeleton (D:5)
  A worker ant zombie (D:10)
  5 gnolls
  An adder (D:4)
  3 shadow imps
  2 leopard geckos
  5 orcs
  5 jackals
  A kobold (D:8)
  A ball python skeleton (D:4)
  A leopard gecko skeleton (D:4)
  A fungus (D:8)
65 creatures vanquished.

Vanquished Creatures (others)
  A hexer (Lair:2)
  8 ancestors
  22 fungi (D:8)
  3 plants (D:8)
34 creatures vanquished.

Grand Total: 296 creatures vanquished

Notes
Turn   | Place    | Note
-------+----------+-------------------------------------------
     0 | D:1      | MajorAdolf the Naga Wanderer began the quest for the Orb.
     0 | D:1      | MajorAdolf set off with the following items: a +2 spear, a
                  | +0 ring mail, a wand of random effects (15), a ration
     0 | D:1      | Reached XP level 1. HP: 21/21 MP: 1/1
    63 | D:1      | Reached XP level 2. HP: 15/28 MP: 2/2
   320 | D:1      | Reached skill level 3 in Polearms
   563 | D:1      | Reached XP level 3. HP: 23/34 MP: 3/3
   755 | D:2      | Found a sacrificial altar of Ru.
  1067 | D:2      | Reached skill level 4 in Polearms
  1120 | D:2      | Reached XP level 4. HP: 42/42 MP: 4/4
  1365 | D:2      | Noticed Terence
  1386 | D:2      | Killed Terence
  2115 | D:3      | Reached XP level 5. HP: 41/49 MP: 5/5
  2527 | D:4      | Noticed a phantom
  2542 | D:4      | Found a staircase to the Ecumenical Temple.
  2575 | Temple   | Entered the Ecumenical Temple
  2644 | Temple   | Became a worshipper of Hepliaklqana the Forgotten
  2762 | D:4      | Reached skill level 5 in Polearms
  2762 | D:4      | Reached skill level 1 in Dodging
  2762 | D:4      | Reached XP level 6. HP: 30/50 MP: 6/6
  2781 | D:4      | Killed a phantom
  3104 | D:4      | Found a snail-covered altar of Cheibriados.
  3163 | D:4      | Found a shimmering blue altar of Sif Muna.
  3310 | D:5      | Entered Level 5 of the Dungeon
  3312 | D:5      | Got a smoking ring mail
  3323 | D:5      | Identified the cursed +1 ring mail of Complete Protection
                  | {MR++} (You found it on level 5 of the Dungeon)
  3347 | D:5      | Noticed an ice beast
  3361 | D:5      | Killed an ice beast
  3361 | D:5      | Reached XP level 7. HP: 50/55 MP: 7/7
  3363 | D:5      | Found a bloodstained altar of Trog.
  3364 | D:5      | Found an ancient bone altar of Kikubaaqudgha.
  3493 | D:5      | Found a glowing silver altar of Zin.
  3495 | D:5      | Found a runed translucent door.
  3495 | D:5      | Noticed an angel
  3887 | D:5      | Found Azoxtutz's Assorted Antiques.
  3893 | D:5      | Bought a blackened bronze wand for 96 gold pieces
  3893 | D:5      | Bought a scroll labeled UROCIC AGEUB for 24 gold pieces
  3893 | D:5      | Bought a scroll labeled UROCIC AGEUB for 24 gold pieces
  4166 | D:5      | Reached * piety under Hepliaklqana
  4348 | D:6      | Reached skill level 6 in Polearms
  4348 | D:6      | Reached XP level 8. HP: 45/62 MP: 8/8
  4353 | D:6      | Found an iron altar of Okawaru.
  4443 | D:6      | Noticed Sigmund
  4449 | D:6      | Killed Sigmund
  4862 | D:6      | Found Soitut's Jewellery Shoppe.
  5189 | D:6      | Reached XP level 9. HP: 62/68 MP: 9/9
  5552 | D:7      | Reached skill level 7 in Polearms
  5770 | D:7      | Found a bloodstained altar of Trog.
  6229 | D:7      | Noticed Prince Ribbit
  7376 | D:7      | Killed Prince Ribbit
  7376 | D:7      | Reached skill level 5 in Armour
  7376 | D:7      | Reached skill level 5 in Shields
  7603 | D:7      | Reached ** piety under Hepliaklqana
  7635 | D:7      | Remembered your ancestor Takurtum as a hexer
  7790 | D:8      | Reached skill level 5 in Fighting
  7790 | D:8      | Reached skill level 5 in Dodging
  7804 | D:8      | Reached XP level 10. HP: 73/79 MP: 10/10
  7965 | D:8      | Reached skill level 8 in Polearms
  8013 | D:8      | Found a staircase to the Lair.
  8451 | D:8      | Noticed Maurice
  8466 | D:8      | Killed Maurice
  8931 | D:9      | Found Xiacufuk's Weapon Shop.
  9286 | D:10     | Entered Level 10 of the Dungeon
  9286 | D:10     | Noticed a harpy
  9287 | D:10     | a harpy changed into a spriggan
  9809 | D:10     | Reached *** piety under Hepliaklqana
  9861 | D:10     | Reached XP level 11. HP: 89/89 MP: 11/11
 10868 | D:5      | Bought a pair of glowing gloves for 180 gold pieces
 10968 | Lair:1   | Entered Level 1 of the Lair of Beasts
 11036 | Lair:1   | Reached skill level 9 in Polearms
 11245 | Lair:1   | Noticed Urug
 11288 | Lair:1   | Killed Urug
 11656 | Lair:1   | Reached **** piety under Hepliaklqana
 11945 | Lair:2   | Found a staircase to the Shoals.
 12037 | Lair:2   | Noticed a seven-headed hydra
 12054 | Lair:2   | HP: 2/89 [black mamba (10)]
 12054 | Lair:2   | Mangled by a seven-headed hydra

Levels and vault maps discovered:
D:1:      elethiomel_arrival_shortcut, layout_rooms, minmay_worlds_worst_comb
D:2:      layout_basic, nicolae_ru_awakened_eye, minmay_pentomino_w2,
          uniq_terence
D:3:      layout_loops_ring
D:4:      layout_cave_pools, kennysheep_mini_moat, cheibriados_altar_1
D:5:      layout_basic, nicolae_overflow_hidden_temple, serial_shops, shop,
          first_ration, lemuel_angel_altar
D:6:      layout_basic, okawaru_trees_2, serial_shops, shop,
          chequers_decorated_corner, uniq_sigmund
D:7:      minmay_recursive_quarters, layout_loops_ring, basic_altar,
          corexii_corridor_pit, uniq_prince_ribbit1
D:8:      layout_gridville, due_lair_maze_entry_diamond, uniq_maurice
D:9:      layout_loops_ring, serial_shops,
          nicolae_shop_temple_entry_statues_fountains
D:10:     layout_grid_maze
Temple:   zaba_magenta_temple
Lair:1:   layout_roguey, gauntlet_entry_generic, infiniplex_staircase_pool_2,
          uniq_urug
Lair:2:   layout_regular_city, shoals_dummy_entry, spider_nest_entry_rubble,
          chequers_serial_rivers_room_a, grunt_megastairs_2,
          lemuel_fruit_fields, serial_bayou_shore_b

Skill      XL: |  1  2  3  4  5  6  7  8  9 10 11 |
---------------+----------------------------------+-----
Polearms       | 3 4 5 6 7 8 9 |  9.1
Armour         | 2 3 4 5 6 |  6.5
Dodging        | 1 2 3 5 6 |  6.3
Shields        | 2 3 4 5 6 |  6.6
Fighting       | 5 6 |  6.8
Stealth        | |  1.5
Evocations     | |  1.0

Action                   |  1- 3 |  4- 6 |  7- 9 | 10-12 || total
-------------------------+-------+-------+-------+-------++-------
Melee: Spear             |   107 |   193 |   481 |   516 ||  1297
Invok: Recall Ancestor   |       |       |     1 |       ||     1
       Ancestor Life: He |       |       |     1 |       ||     1
 Abil: Spit Poison       |     4 |     7 |    10 |       ||    21
Evoke: Wand              |       |       |    15 |       ||    15
  Use: Scroll            |       |     2 |     4 |     9 ||    15
       Potion            |       |     1 |       |       ||     1
 Stab: Distracted        |       |       |     5 |       ||     5
       Confused          |       |       |       |    14 ||    14
  Eat: Chunk             |       |     6 |    13 |     9 ||    28
       Ration            |       |       |       |     1 ||     1
Armor: Ring mail         |    29 |    49 |   143 |   137 ||   358
       Skin              |       |     3 |       |       ||     3
Dodge: Dodged            |    27 |    24 |   105 |    92 ||   248
Block: Shield            |    10 |    54 |   148 |   127 ||   339
